AoeStats
← 布丁

MegaRandom

505845188Analyzed
4v4 RM · 20d ago on Sep 11, 2026· 63m 29s· 8 players
Game mode
Random Map
Map size
Large (8 player)
Population
200
Speed
Normal
Resources
Standard
Victory
Conquest
Starting age
Dark Age
Ending age
Imperial Age
RankedLock teamsTeams togetherTeam positionsShared explorationLock speedFull tech treeHidden civsTurbo modeCheats
Victory
Defeat
🇨🇳 Spanish · China
932
+13
🇨🇳 Wu · China
922
+13
🇨🇳 Berbers · China
901
+14
🇦🇺 Franks · Australia
823
+19
🇫🇷 Chinese · France
935
-17
🇩🇰 Mapuche · Denmark
892
-16
🇬🇧 Britons · United Kingdom
819
-13
🇹🇼 Goths · Taiwan
812
-21
Chris
10:45 Feudal Age
12:12 Wheelbarrow
11:30 Double-Bit Axe
13:26 Loom
17:09 Castle Age
16:47 Horse Collar
20:11 Bow Saw
21:01 Fletching
22:44 Man-at-Arms
23:11 Gambesons
23:50 Squires
25:37 Long Swordsman
30:37 Pikeman
36:57 Heavy Plow
37:11 Arson
37:42 Forging
37:33 Scale Mail Armor
37:24 Town Watch
39:31 Gold Mining
39:33 Stone Mining
39:50 Bodkin Arrow
40:44 Hand Cart
40:34 Treadmill Crane
41:15 Ballistics
41:08 Fortified Wall
41:48 Gold Shaft Mining
45:44 Imperial Age
44:28 Murder Holes
44:37 Padded Archer Armor
45:13 Iron Casting
44:54 Chain Mail Armor
45:35 Yeomen
46:53 Conscription
45:55 Elite Longbowman
46:39 Bracer
46:55 Leather Archer Armor
47:55 Two-Man Saw
47:14 Halberdier
48:02 Elite Skirmisher
Parsec
0:45 Loom
1:18 Loom
11:19 Feudal Age
13:18 Wheelbarrow
12:30 Horse Collar
12:39 Double-Bit Axe
12:48 Gold Mining
12:58 Town Watch
20:19 Castle Age
19:13 Stone Mining
21:05 Heavy Plow
22:01 Hand Cart
25:12 Bow Saw
26:58 Forging
26:40 Fletching
32:26 Gold Shaft Mining
32:31 Stone Shaft Mining
31:16 Pikeman
33:37 Ballistics
33:13 Murder Holes
33:29 Masonry
39:07 Imperial Age
39:18 Malon
40:25 Conscription
40:01 Capped Ram
40:52 Fervor
41:39 Crop Rotation
42:33 Halberdier
43:00 Arson
44:11 Elite Bolas Rider
45:03 Butalmapu
46:55 Caravan
49:20 Elite Kona
50:26 Sanctity
55:55 Hoardings
AntKnight
10:24 Feudal Age
11:51 Wheelbarrow
11:41 Loom
12:47 Double-Bit Axe
15:17 Castle Age
13:56 Double-Bit Axe
14:12 Horse Collar
18:06 Elite Skirmisher
27:38 Fletching
30:40 Stone Mining
33:44 Padded Archer Armor
34:04 Hand Cart
34:35 Gold Mining
34:47 Heavy Plow
34:39 Town Watch
35:27 Thumb Ring
36:37 Bow Saw
35:55 Light Cavalry
36:49 Bodkin Arrow
37:51 Bloodlines
37:42 Husbandry
40:19 Imperial Age
38:01 Scale Barding Armor
38:07 Forging
39:04 Squires
40:34 Leather Archer Armor
40:20 Scale Mail Armor
42:42 Conscription
41:46 Elite Fire Lancer
43:55 Ballistics
45:28 Arson
46:01 Chain Mail Armor
49:16 Chemistry
48:50 Ring Archer Armor
48:21 Bracer
48:46 Chain Barding Armor
50:03 Rocketry
50:42 Iron Casting
50:39 Plate Mail Armor
49:37 Heavy Rocket Cart
51:30 Pikeman
59:12 Elite Chu Ko Nu
布丁
1:33 Loom
13:07 Feudal Age
15:16 Wheelbarrow
17:51 Castle Age
37:38 Double-Bit Axe
43:07 Horse Collar
46:03 Gold Mining
46:03 Stone Mining
47:29 Hand Cart
君士坦丁十一世
12:22 Feudal Age
16:41 Castle Age
15:31 Double-Bit Axe
20:20 Bow Saw
24:25 Wheelbarrow
24:21 Horse Collar
27:46 Heavy Plow
29:13 Padded Archer Armor
29:03 Fletching
32:41 Imperial Age
30:18 Gold Mining
32:04 Leather Archer Armor
31:45 Bodkin Arrow
33:53 Bloodlines
34:29 Husbandry
34:44 Forging
34:41 Scale Barding Armor
34:48 Cavalier
36:34 Chain Barding Armor
36:48 Conscription
37:57 Iron Casting
40:11 Gold Shaft Mining
39:08 Elite Camel Archer
42:25 Bracer
42:55 Ring Archer Armor
42:26 Elite Genitour
45:40 Thumb Ring
46:14 Light Cavalry
46:51 Hussar
49:09 Blast Furnace
48:45 Plate Barding Armor
56:43 Heavy Scorpion
Mika_168
11:21 Feudal Age
11:33 Loom
17:59 Castle Age
16:35 Double-Bit Axe
23:28 Fletching
27:01 Gold Mining
29:28 Wheelbarrow
38:43 Imperial Age
36:49 Scale Barding Armor
38:10 Bloodlines
39:05 Husbandry
40:01 Conscription
39:08 Cavalier
41:45 Chain Barding Armor
48:21 Chemistry
48:14 Onager
50:57 Bow Saw
usless@AOE2
11:38 Feudal Age
12:49 Double-Bit Axe
14:20 Wheelbarrow
13:51 Gold Mining
13:53 Stone Mining
21:39 Castle Age
21:10 Forging
23:02 Hand Cart
24:25 Gold Shaft Mining
24:06 Husbandry
24:13 Husbandry
25:20 Iron Casting
24:52 Scale Barding Armor
27:36 Town Watch
27:37 Loom
29:19 Chain Barding Armor
31:51 Caravan
37:35 Imperial Age
37:45 Cavalier
39:30 Blast Furnace
39:06 Plate Barding Armor
38:55 Conscription
40:02 Ballistics
39:38 Murder Holes
39:50 Siege Engineers
39:56 Masonry
39:49 Paladin
42:40 #83
42:39 Scale Mail Armor
42:39 Padded Archer Armor
42:30 Fletching
44:11 Elite Throwing Axeman
46:31 Chain Mail Armor
46:31 Leather Archer Armor
46:12 Bodkin Arrow
47:27 Hoardings
50:51 Plate Mail Armor
Roh Tae-woo
7:10 Loom
9:35 Feudal Age
13:26 Castle Age
13:37 Double-Bit Axe
14:06 Forging
14:48 Horse Collar
16:34 Scale Mail Armor
26:39 Bow Saw
33:05 Heavy Plow
36:39 Red Cliffs Tactics
36:38 Fletching
36:48 Padded Archer Armor
37:11 Ballistics
36:32 Treadmill Crane
38:05 Elite Skirmisher
41:17 Imperial Age
38:56 Bodkin Arrow
39:16 Leather Archer Armor
39:49 Leather Archer Armor
40:41 Wheelbarrow
42:18 Bracer
43:20 Chemistry
42:44 Hand Cart
42:15 Town Watch
42:59 Conscription
42:54 Arson
43:10 Squires
43:11 Elite Fire Archer
45:10 Town Patrol
46:37 Two-Man Saw
48:19 Iron Casting
47:59 Chain Mail Armor
53:10 Crossbowman
54:11 Pikeman
56:12 Halberdier
Connection lost

Rejoining the realm…

Still unreachable

The connection could not be restored.

Session expired

The server has moved on; the page needs a fresh start.